 Dungeon Crawl Stone Soup version 0.29.1-1-gd02db6906a (webtiles) character file.

Game seed: 16861476782203959215

102014 xian the Severer (level 15, -6/142 (143) HPs)
             Began as a Minotaur Fighter on Oct 15, 2022.
             Was a High Priest of Trog.
             Mangled by a freezing wraith (7 damage)
             ... summoned by a curse skull
             ... on level 1 of the Elven Halls on Oct 16, 2022.
             The game lasted 01:21:04 (21049 turns).

xian the Severer (Minotaur Fighter)                Turns: 21049, Time: 01:21:05

HP:   -6/142 (143)  AC: 29    Str: 32    XL:     15   Next: 85%
MP:   14/14         EV:  9    Int:  8    God:    Trog [*****.]
Gold: 639           SH: 22    Dex: 14    Spells: 14/14 levels left

rFire   . . .      SeeInvis +   f - +9 war axe (freeze)
rCold   + . .      Faith    .   T - +3 tower shield
rNeg    . . .      Spirit   .   V - +0 shadow dragon scales
rPois   +          Reflect  .   U - +0 mask of the Dragon {Will+ Slay+3 SInv}
rElec   +          Harm     .   I - +2 cloak {rPois}
rCorr   .          Rampage  +   t - +2 pair of gloves of the Depths {rPois}
Will    ++++.                   H - +2 pair of boots {rampage}
Stlth   ++++......              m - amulet "Vuysodih" {Regen+ Int+3 Dex+4}
HPRegen 2.13/turn               u - +4 ring of slaying
MPRegen 0.14/turn               n - ring of Midnight {rElec rC+ Str+4 Slay+3}

@: strong-willed, on berserk cooldown, regenerating, slowed, lightly drained,
very slow
A: horns 2, retaliatory headbutt
a: Renounce Religion, Berserk, Trog's Hand, Brothers in Arms


You were on level 1 of the Elven Halls.
You worshipped Trog.
Trog was extremely pleased with you.
You visited 4 branches of the dungeon, and saw 20 of its levels.
You also visited: Bailey and Gauntlet.

You collected 2130 gold pieces.
You spent 1491 gold pieces at shops.

Inventory:

Hand Weapons
 d - a +4 sling
 f - a +9 war axe of freezing (weapon)
 M - the +12 whip "Dorib" {elec, rPois rC+ Int-2}
   (You found it on level 9 of the Dungeon)

   It occasionally discharges a powerful burst of electricity upon striking a
   foe.
   Int:       It affects your intelligence (-2).
   rC:        It protects you from cold.
   rPois:     It protects you from poison.
Missiles
 l - 28 javelins (quivered)
 x - 2 boomerangs of dispersal
 B - 10 poisoned darts
 J - 14 boomerangs
 Q - 5 atropa-tipped darts
Armour
 t - the +2 pair of gloves of the Depths (worn) {rPois}
   (You bought it in a shop on level 1 of the Orcish Mines)

   rPois:     It protects you from poison.
 G - a scarf of repulsion
 H - a +2 pair of boots of rampaging (worn)
 I - a +2 cloak of poison resistance (worn)
 T - a +3 tower shield (worn)
 U - the +0 mask of the Dragon (worn) {Will+ Slay+3 SInv}
   (You acquired it on level 1 of the Lair of Beasts)

   Slay:      It affects your accuracy & damage with ranged weapons and melee
   (+3).
   SInv:      It lets you see invisible.
   Will:      It increases your willpower.
 V - +0 shadow dragon scales (worn)
Jewellery
 e - a ring of ice
 m - the amulet "Vuysodih" (around neck) {Regen+ Int+3 Dex+4}
   (You found it on level 5 of the Lair of Beasts)

   [amulet of regeneration]

   Int:       It affects your intelligence (+3).
   Dex:       It affects your dexterity (+4).
   Regen:     It increases your rate of health regeneration.
 n - the ring of Midnight (right hand) {rElec rC+ Str+4 Slay+3}
   (You bought it in a shop on level 1 of the Orcish Mines)

   [ring of protection from cold]

   Str:       It affects your strength (+4).
   Slay:      It affects your accuracy & damage with ranged weapons and melee
   (+3).
   rC:        It protects you from cold.
   rElec:     It insulates you from electricity.
 u - a +4 ring of slaying (left hand)
Wands
 j - a wand of flame (84)
 p - a wand of polymorph (7)
 v - a wand of mindburst (9)
 y - a wand of charming (14)
 F - a wand of quicksilver (9)
 R - a wand of digging (11)
Scrolls
 c - 6 scrolls of magic mapping
 k - 4 scrolls of identify
 o - 2 scrolls of enchant weapon
 q - 3 scrolls of fog
 s - 6 scrolls of teleportation
 A - 5 scrolls of blinking
 D - a scroll of silence
 K - 2 scrolls of immolation
 S - a scroll of brand weapon
Potions
 a - a potion of might
 b - 3 potions of mutation
 g - 4 potions of invisibility
 h - 13 potions of curing
 i - 3 potions of heal wounds
 r - 2 potions of berserk rage
 w - 3 potions of cancellation
 z - 3 potions of resistance
 C - a potion of ambrosia
 E - 3 potions of flight
 L - 2 potions of lignification
Miscellaneous
 N - a phantom mirror
 O - a lightning rod (4/4)
 P - a piece from Xom's chessboard (15/15)
 Y - a phial of floods
 Z - a tin of tremorstones (2/2)


   Skills:
 + Level 15.9 Fighting
 + Level 19.1(19.2) Axes
 + Level 3.1(12.9) Maces & Flails
 + Level 4.4 Throwing
 + Level 14.8 Armour
 + Level 4.7 Dodging
 + Level 6.1 Stealth
 + Level 15.9 Shields


You had 14 spell levels left.
You didn't know any spells.
Your spell library contained the following spells:

 Spells                   Type           Power      Damage    Failure   Level
 Freeze                   Ice            0%         1d3       99%         1
 Necrotise                Necr           0%         1d4       99%         1
 Blink                    Tloc           0%         N/A       100%        2
 Frozen Ramparts          Ice            0%         1d1       100%        3
 Ozocubu's Armour         Ice            0%         N/A       100%        3
 Stone Arrow              Conj/Erth      0%         3d7       100%        3
 Vampiric Draining        Necr           0%         2d6       100%        3
 Animate Armour           Summ/Erth      0%         N/A       100%        4
 Fulminant Prism          Conj/Hex       0%         3d6       100%        4
 Hailstorm                Conj/Ice       0%         3d3       100%        4
 Iskenderun's Mystic Bla  Conj/Tloc      0%         2d3       100%        4
 Agony                    Necr           0%         N/A       100%        5
 Lee's Rapid Deconstruct  Erth           0%         3d5*      100%        5
 Manifold Assault         Tloc           0%         N/A       100%        5
 Metabolic Englaciation   Hex/Ice        0%         N/A       100%        5
 Simulacrum               Ice/Necr       0%         N/A       100%        6
 Storm Form               Tmut/Air       0%         N/A       100%        7
 Lehudib's Crystal Spear  Conj/Erth      0%         10d2      100%        8


Dungeon Overview and Level Annotations

Branches:
Dungeon (12/15)            Temple (0/1) D:7            Lair (5/5) D:8
 Shoals (0/4) Lair:3       Spider (0/4) Lair:2        Slime (0/5) Lair:4
    Orc (2/2) D:10            Elf (1/3) Orc:2        Bailey (visited)
Gauntlet (visited)

Altars:
Cheibriados
Elyvilon
Kikubaaqudgha
Makhleb
Nemelex Xobeh
Trog
Wu Jian
Jiyva

Shops:
D:7 *(   D:8 ([=?=   Orc:1 [=   Orc:2 *([[:


Innate Abilities, Weirdness & Mutations

You have a pair of horns on your head.
You reflexively headbutt those who attack you in melee.


Message History

Your body is wracked with pain!
* * * LOW HITPOINT WARNING * * *
The deep elf death mage convulses!
You block the flying skull's attack.
You slice the spectral deep elf archer!!
You freeze the spectral deep elf archer.
You destroy the spectral deep elf archer!
The spectral deep elf archer disappears in a puff of smoke!
You hit the flying skull.
You destroy the flying skull!
The flying skull disappears in a puff of smoke!
You slice the wraith!! You freeze the wraith. You slash the curse skull!
You slice the spectral deep elf knight!!
You freeze the spectral deep elf knight.
You block the wraith's attack.
The curse skull rattles its jaw.
The wraith attacks as you move away! The wraith closely misses you.
The wraith disappears in a puff of smoke!
The terrible wounds on your body vanish.
The flayed ghost disappears in a puff of smoke!
The curse skull calls on the powers of darkness!
Your body is wracked with pain!
* * * LOW HITPOINT WARNING * * *
You block the phantasmal warrior's attack.
You feel a strong urge to attack something.
The phantasmal warrior closely misses you.
You are no longer berserk.
You are exhausted.
You feel as though you will be slow longer.
The curse skull calls on the powers of darkness!
Your body is wracked with pain!
* * * LOW HITPOINT WARNING * * *
The shadow slips into darkness.
The shadow flickers and vanishes for a moment.
You block the phantasmal warrior's attack.
The shadow slips into darkness.
The shadow flickers and vanishes for a moment.
You block the shadow wraith's attack. The freezing wraith hits you!
* * * LOW HITPOINT WARNING * * *
The freezing wraith freezes you! You resist.
You die...

###)#
#.####.###
#...#
#.#.......
#.###
#.#.......
##'##
#.#.....))
##8.8##
#.....8.))
##.....##
#.#.....).
#8.....8#
#.#.......
#[..⌠..[#
#.#.......
#8..@W.8#
#.####.###
##.WzW.##
#^........
##8V8##
####....##


#*WzZW# ####... #8ZZWWz8# #### #$.nWZ.[# #8$....8# ##..Z.!## ######### ##8.8##
#.......# You could see a ghoul, a skeletal warrior, a flayed ghost, a shadow
wraith (summoned, invisible), 2 curse skulls, a phantasmal warrior (summoned), 2
freezing wraiths, a spectral deep elf knight (summoned), a spectral deep elf
zephyrmancer (summoned), a vampire (summoned), a wraith (summoned), a lost soul,
2 shadows, a deep elf zephyrmancer simulacrum (summoned), a deep elf knight
skeleton (summoned) and a deep elf archer skeleton (summoned).

Vanquished Creatures
  Jorgrun (Orc:2)
  An ancient champion (Elf:1)
  2 orc warlords (Orc:2)
  2 minotaurs
  7 dire elephants (Lair:5)
  The ghost of Rudyous the Fighter, a journeyman MiFi of Jiyva (Lair:3)
  2 fire dragons (Elf:1)
  2 spectral elves (Elf:1)
  Josephine (D:10)
  An ogre mage (Orc:1)
  8 hydras
  7 boulder beetles
  2 catoblepae
  7 two-headed ogres
  A tengu warrior (D:9)
  2 dancing weapons (Elf:1)
  3 death yaks (Lair:5)
  3 orc high priests
  The ghost of Mekil the Schismatic, a journeyman FeAK of Lugonu (Lair:4)
  3 deep elf knights (Elf:1)
  A fire crab (Lair:5)
  A spectral anaconda (Lair:5)
  2 elf simulacra (Elf:1)
  3 deep elf archers (Elf:1)
  Pikel (D:6)
  4 necromancers (Lair:5)
  A phantasmal warrior (Elf:1)
  An obsidian statue (Lair:5)
  3 orc knights
  12 deep elf pyromancers
  8 deep elf zephyrmancers (Elf:1)
  3 orc sorcerers
  An ugly thing (D:11)
  6 manticores
  3 black mambas
  2 merfolk sirens (Lair:3)
  An apocalypse crab (Gauntlet)
  8 elephants (Lair:5)
  A gargoyle (Gauntlet)
  14 cane toads
  A minotaur zombie (Gauntlet)
  An unseen horror (D:11)
  A dire elephant skeleton (Lair:5)
  The ghost of Anandil the Gusty, a novice DsAE of Gozag (D:5)
  5 rime drakes
  An efreet (D:9)
  11 komodo dragons
  A queen bee (Lair:3)
  2 merfolk (Lair:3)
  2 polar bears (Lair:5)
  3 hornets
  A meliai (shapeshifter) (Elf:1)
  A meliai (Lair:3)
  6 trolls
  A wind drake (shapeshifter) (Elf:1)
  7 blink frogs
  3 slime creatures
  2 spectral elephants (Lair:5)
  3 jumping spiders (Lair:2)
  2 flying skulls (Elf:1)
  2 culicivoras (Lair:2)
  3 shadows (Gauntlet)
  A dire elephant simulacrum (Lair:5)
  40 yaks
  6 wraiths
  6 wyverns
  4 basilisks
  3 fire elementals (Elf:1)
  A redback (Lair:2)
  2 steam dragons
  A spectral cane toad (Lair:5)
  2 neqoxecs (D:12)
  3 vampire mosquitoes (D:10)
  A warg (Orc:2)
  11 water moccasins
  4 hell hounds (Elf:1)
  An elephant zombie (Lair:5)
  39 orc warriors
  3 ice beasts (D:7)
  7 black bears
  2 sky beasts
  8 ogres
  3 wolves (Lair:4)
  2 centaurs
  3 kobold brigands
  15 bullfrogs
  3 scorpions
  2 necrophages
  A cane toad simulacrum (Lair:5)
  2 gnoll sergeants
  20 wights
  6 killer bees
  An elephant simulacrum (Lair:5)
  3 howler monkeys (D:9)
  8 hounds
  A gnoll bouda (D:4)
  14 orc priests
  Crazy Yiuf (D:2)
  7 jellies
  17 orc wizards
  2 iguanas (D:5)
  16 gnolls
  7 adders
  A shadow imp (D:6)
  3 white imps
  2 ufetubi
  3 worms
  4 dart slugs
  90 orcs
  23 endoplasms
  4 giant cockroaches
  6 goblins
  6 hobgoblins
  7 kobolds
  4 quokkas
  2 ball pythons
  6 bats
  4 frilled lizards
  7 rats
  A lost soul (Elf:1)
645 creatures vanquished.

Vanquished Creatures (collateral kills)
  A spectral elf (Elf:1)
  2 hydras (Elf:1)
  A harpy (Elf:1)
  An orc (Orc:2)
5 creatures vanquished.

Vanquished Creatures (others)
  A wyvern (Elf:1)
  2 orcs
  23 demonic plants
  41 fungi
  2 lost souls (Elf:1)
  43 plants
  16 withered plants
128 creatures vanquished.

Grand Total: 778 creatures vanquished

Notes
Turn   | Place    | Note
-------+----------+-------------------------------------------
     0 | D:1      | xian the Minotaur Fighter began the quest for the Orb.
     0 | D:1      | Reached XP level 1. HP: 19/19 MP: 0/0
   331 | D:1      | Reached XP level 2. HP: 27/27 MP: 1/1
   912 | D:1      | Reached XP level 3. HP: 21/33 MP: 2/2
  1086 | D:2      | Found a faded altar of an unknown god.
  1089 | D:2      | Prayed at the altar of an unknown god.
  1089 | D:2      | Became a worshipper of Trog the Wrathful
  1089 | D:2      | Reached * piety under Trog
  1242 | D:2      | Reached skill level 3 in Axes
  1587 | D:2      | Found a runed translucent door.
  1588 | D:2      | Noticed Crazy Yiuf
  1594 | D:2      | Killed Crazy Yiuf
  1595 | D:2      | Reached XP level 4. HP: 40/40 MP: 3/3
  2060 | D:3      | Found a sparkling altar of Nemelex Xobeh.
  2072 | D:3      | Found a snail-covered altar of Cheibriados.
  2161 | D:3      | Reached skill level 1 in Dodging
  2505 | D:4      | Reached skill level 5 in Shields
  2528 | D:4      | Reached XP level 5. HP: 46/46 MP: 4/4
  2593 | D:4      | Reached skill level 4 in Axes
  2655 | D:4      | Reached ** piety under Trog
  2794 | D:4      | Reached skill level 5 in Axes
  2794 | D:4      | Reached XP level 6. HP: 40/53 MP: 5/5
  2967 | D:4      | Identified the +1 leather armour "Enepn" {Dex+6 Slay-3}
  3253 | D:4      | Reached skill level 6 in Axes
  3357 | D:5      | Entered Level 5 of the Dungeon
  3382 | D:5      | Noticed Anandil's ghost (novice DsAE)
  3387 | D:5      | Found a transporter.
  3404 | D:5      | Reached skill level 7 in Axes
  3404 | D:5      | Reached XP level 7. HP: 49/60 MP: 6/6
  3533 | D:5      | Reached skill level 5 in Armour
  3577 | D:5      | Reached skill level 5 in Fighting
  3672 | D:5      | Reached skill level 8 in Axes
  3818 | D:5      | Reached XP level 8. HP: 68/68 MP: 7/7
  3928 | D:5      | Found a transporter.
  3949 | D:5      | Reached skill level 9 in Axes
  4303 | D:5      | Killed Anandil's ghost
  4404 | D:6      | Reached skill level 10 in Axes
  4608 | D:6      | Reached XP level 9. HP: 74/75 MP: 8/8
  4864 | D:6      | Found an ornate altar of the Wu Jian Council.
  4872 | D:6      | Found an ancient bone altar of Kikubaaqudgha.
  4880 | D:6      | Reached skill level 11 in Axes
  4935 | D:6      | Reached *** piety under Trog
  5206 | D:6      | Found a burning altar of Makhleb.
  5347 | D:7      | Noticed Pikel
  5373 | D:6      | Killed Pikel
  5374 | D:6      | Reached skill level 1 in Throwing
  5715 | D:7      | Reached skill level 12 in Axes
  5757 | D:7      | Found a staircase to the Ecumenical Temple.
  5774 | D:7      | Found Xug Hoi's Weapon Shop.
  5790 | D:7      | Found Cesaxku's Neck Hole.
  5820 | D:7      | Bought a +1 cloak of poison resistance for 135 gold pieces
  6288 | D:7      | Reached XP level 10. HP: 87/87 MP: 9/9
  6613 | D:8      | Found Recvohi's Jewellery Emporium.
  6648 | D:8      | Found Totzoh's Magic Scroll Shop.
  6682 | D:8      | Found a staircase to the Lair.
  6692 | D:8      | Reached skill level 13 in Axes
  6921 | D:8      | Bought a scroll of enchant weapon for 97 gold pieces
  6938 | D:8      | Found Zeiwnoes's Jewellery Shoppe.
  6974 | D:8      | Found Xufit's Antique Weapon Boutique.
  6987 | D:8      | Found Anaano's Antique Armour Emporium.
  7063 | D:8      | You fall into a shaft and drop 3 floors!
  7104 | D:10     | Entered Level 10 of the Dungeon
  7270 | D:10     | Found a flagged portal.
  7320 | Bailey   | Entered a bailey
  7385 | Bailey   | Noticed an orc knight
  7416 | Bailey   | Killed an orc knight
  7632 | Bailey   | Found a large runed translucent door.
  7632 | Bailey   | Found a large runed translucent door.
  7635 | Bailey   | Noticed a deep elf pyromancer
  7877 | Bailey   | Killed a deep elf pyromancer
  7878 | Bailey   | Reached skill level 14 in Axes
  7887 | Bailey   | Identified the +1 ring mail "Xedufyq" {rPois rC- Int+3}
  8288 | D:10     | Reached skill level 10 in Armour
  8288 | D:10     | Reached XP level 11. HP: 95/95 MP: 10/10
  8314 | D:10     | Reached **** piety under Trog
  8379 | D:10     | Noticed Josephine
  8386 | D:10     | Killed Josephine
  8402 | D:10     | Found a staircase to the Orcish Mines.
  8409 | D:10     | Noticed an orc knight
  8624 | D:10     | Killed an orc knight
  9054 | D:10     | Noticed a two-headed ogre
  9058 | D:10     | Killed a two-headed ogre
  9405 | D:9      | Noticed a tengu warrior
  9405 | D:9      | Noticed a boulder beetle
  9405 | D:9      | Noticed a wizard
  9405 | D:9      | Noticed a boulder beetle
  9432 | D:9      | Killed a tengu warrior
  9433 | D:9      | Reached skill level 15 in Axes
  9481 | D:9      | Killed a boulder beetle
  9522 | D:9      | Reached skill level 10 in Fighting
 10124 | D:9      | Noticed a two-headed ogre
 10130 | D:9      | Killed a two-headed ogre
 10131 | D:9      | Reached XP level 12. HP: 100/107 MP: 11/11
 10200 | D:9      | Identified the +12 whip "Dorib" {elec, rPois rC+ Int-2}
 10281 | D:9      | Killed a boulder beetle
 10300 | D:9      | Found a white marble altar of Elyvilon.
 10719 | D:8      | Reached skill level 1 in Maces & Flails
 11291 | D:11     | Noticed a six-headed hydra
 11300 | D:11     | Killed an 11-headed hydra
 12037 | D:11     | Noticed a boulder beetle
 12058 | D:11     | Killed a boulder beetle
 12418 | Lair:1   | Entered Level 1 of the Lair of Beasts
 12426 | Lair:1   | Reached skill level 16 in Axes
 12445 | Lair:1   | Reached skill level 1 in Stealth
 12656 | Lair:1   | Noticed a boulder beetle
 12696 | Lair:1   | Killed a boulder beetle
 12769 | Lair:1   | Reached skill level 10 in Shields
 12845 | Lair:1   | Identified a scroll of acquirement
 12845 | Lair:1   | Acquired the +0 mask of the Dragon {Will+ Slay+3 SInv}
 12845 | Lair:1   | Found the +0 mask of the Dragon {Will+ Slay+3 SInv}
 13309 | Lair:2   | Noticed a catoblepas
 13317 | Lair:2   | Killed a catoblepas
 13853 | Lair:2   | Found a hole to the Spider Nest.
 14005 | Lair:2   | Reached XP level 13. HP: 117/117 MP: 12/12
 14749 | Lair:3   | You fall into a shaft and drop 2 floors!
 14749 | Lair:5   | Entered Level 5 of the Lair of Beasts
 14996 | Lair:5   | Noticed a dire elephant
 14996 | Lair:5   | Noticed a dire elephant
 14996 | Lair:5   | Noticed a dire elephant
 14996 | Lair:5   | Noticed a dire elephant
 14997 | Lair:5   | Noticed a dire elephant
 15001 | Lair:5   | Noticed a dire elephant
 15009 | Lair:5   | Killed a dire elephant
 15014 | Lair:5   | Killed a dire elephant
 15015 | Lair:5   | Reached skill level 17 in Axes
 15017 | Lair:5   | Noticed a dire elephant
 15032 | Lair:5   | Killed a dire elephant
 15387 | Lair:4   | Found a gate leading to a gauntlet.
 15413 | Gauntlet | Entered a Gauntlet
 15413 | Gauntlet | Found a transporter.
 15413 | Gauntlet | Found a transporter.
 15413 | Gauntlet | Found a transporter.
 15425 | Gauntlet | Found a transporter.
 15428 | Gauntlet | Found a transporter.
 15436 | Gauntlet | Found a transporter.
 15439 | Gauntlet | Found a transporter.
 15455 | Gauntlet | Found a transporter.
 15470 | Gauntlet | Found a large runed translucent door.
 15471 | Gauntlet | Found a large runed translucent door.
 15472 | Gauntlet | Found a large runed translucent door.
 15472 | Gauntlet | Found a large runed translucent door.
 15473 | Gauntlet | Found a runed translucent gate.
 15474 | Gauntlet | Found a transporter.
 15474 | Gauntlet | Found a runed translucent gate.
 15475 | Gauntlet | Found a runed translucent gate.
 15476 | Gauntlet | Found a large runed translucent door.
 15476 | Gauntlet | Found a large runed translucent door.
 15477 | Gauntlet | Found a large runed translucent door.
 15478 | Gauntlet | Found a large runed translucent door.
 15488 | Gauntlet | Found a large runed translucent door.
 15488 | Gauntlet | Found a large runed translucent door.
 15488 | Gauntlet | Found a runed translucent door.
 15488 | Gauntlet | Found a runed translucent door.
 15489 | Gauntlet | Found a large runed translucent door.
 15490 | Gauntlet | Found a large runed translucent door.
 15492 | Gauntlet | Found a transporter.
 15495 | Gauntlet | Found a transporter.
 15507 | Gauntlet | Found a transporter.
 15956 | Gauntlet | Found a large runed translucent door.
 15956 | Gauntlet | Found a large runed translucent door.
 15957 | Gauntlet | Found a large runed translucent door.
 15957 | Gauntlet | Found a large runed translucent door.
 16094 | Gauntlet | Noticed a minotaur
 16099 | Gauntlet | Killed a minotaur
 16208 | Lair:4   | Found a runed translucent gate.
 16208 | Lair:4   | Found a runed translucent gate.
 16208 | Lair:4   | Found a runed translucent gate.
 16209 | Lair:4   | Noticed Mekil's ghost (journeyman FeAK)
 16211 | Lair:4   | Noticed a minotaur
 16226 | Lair:4   | Killed a minotaur
 16226 | Lair:4   | Killed Mekil's ghost
 16300 | Lair:4   | Found a viscous altar of Jiyva.
 16300 | Lair:4   | Found a staircase to the Slime Pits.
 17153 | Lair:3   | Noticed Rudyous's ghost (journeyman MiFi)
 17155 | Lair:3   | Found a transporter.
 17160 | Lair:3   | Found a transporter.
 17178 | Lair:3   | Reached XP level 14. HP: 102/129 MP: 13/13
 17188 | Lair:3   | Killed Rudyous's ghost
 17379 | Lair:3   | Found a staircase to the Shoals.
 17867 | Lair:5   | Reached ***** piety under Trog
 18410 | Lair:5   | Reached skill level 18 in Axes
 18420 | Lair:5   | Reached skill level 5 in Stealth
 18474 | Lair:5   | Identified the amulet "Vuysodih" {Regen+ Int+3 Dex+4}
 18827 | Orc:1    | Entered Level 1 of the Orcish Mines
 18830 | Orc:1    | Found Semem's Jewellery Shop.
 18938 | Orc:1    | Bought the ring of Midnight {rElec rC+ Str+4 Slay+3} for
                  | 900 gold pieces
 19083 | Orc:1    | Found Gaykkurr's Armour Emporium.
 19125 | Orc:1    | Bought the +2 pair of gloves of the Depths {rPois} for 359
                  | gold pieces
 19278 | Orc:2    | Entered Level 2 of the Orcish Mines
 19278 | Orc:2    | Noticed an orc warlord
 19278 | Orc:2    | Found a staircase to the Elven Halls.
 19287 | Orc:2    | Killed an orc warlord
 19467 | Orc:2    | Noticed an orc warlord
 19469 | Orc:2    | Found Luzoinof's Antique Weapon Shop.
 19482 | Orc:2    | Identified the +2 double sword "Teshrelunn" {vorpal, rC+}
                  | (Trog gifted it to you on level 2 of the Orcish Mines)
 19482 | Orc:2    | Received a gift from Trog
 19483 | Orc:2    | Killed an orc warlord
 19484 | Orc:2    | Reached XP level 15. HP: 139/139 MP: 14/14
 19490 | Orc:2    | Found Cuffous's Antique Armour Boutique.
 19725 | Orc:2    | Noticed Jorgrun
 19734 | Orc:2    | Killed Jorgrun
 19764 | Orc:2    | Found Ziubivil's General Store.
 19879 | Orc:2    | Found Etoyruko's Book Emporium.
 19923 | Orc:2    | Received a gift from Trog
 19925 | Orc:2    | Found Ofrukecw's Antique Armour Emporium.
 20166 | Elf:1    | Entered Level 1 of the Elven Halls
 20287 | Elf:1    | Reached skill level 15 in Fighting
 20366 | Elf:1    | Noticed a sphinx
 20369 | Elf:1    | Noticed a sphinx
 20594 | Elf:1    | Reached skill level 15 in Shields
 20676 | Elf:1    | Reached skill level 19 in Axes
 20979 | Elf:1    | Noticed an ancient champion
 20990 | Elf:1    | Killed an ancient champion
 21045 | Elf:1    | HP: 9/214 [spectral deep elf knight[a curse skull] (4)]
 21049 | Elf:1    | HP: 1/142 [freezing wraith[a curse skull] (9)]
 21049 | Elf:1    | Mangled by a freezing wraith

Illustrated notes

Levels and vault maps discovered:
D:1:      eino_arrival_cavern_d, layout_basic, lexackson_kobold_supper
D:2:      layout_basic, nicolae_ecumenical_oubliette, uniq_crazy_yiuf_cottage
D:3:      layout_rooms, nicolae_overflow_squiral, minmay_ruptured
D:4:      layout_basic, minmay_joined_circles
D:5:      layout_loops_ring, gammafunk_ghost_arena, minmay_crystal_room
D:6:      layout_loops_ring, makhleb_heckhound_becter,
          chequers_temple_overflow_statue_of_worship, lemuel_flamethrower_2
D:7:      layout_gridville, temple_fountains, serial_co_window_serial,
          co_window_paths_b, co_window_of_opportunity_a, co_window_paths_a,
          co_window_corner_a, co_window_corner_a, co_window_paths_a,
          co_window_broadway_a, co_window_2corner, co_window_broadway_c,
          glass_columns_a, serial_shops, nicolae_shop_trees,
          nicolae_shop_sticking_my_neck_out, uniq_pikel
D:8:      layout_loops_cross, due_lair_maze_entry_diamond, serial_shops,
          nicolae_shop_competitors_out_of_business,
          nicolae_shop_advertising_works [nicolae_subvault_shop_adworks], shop,
          nicolae_shop_behind_doors, shop
D:9:      minmay_the_grid_triangle_9x9_recursive_2
          [minmay_the_grid_triangle_9x9_prize_insulated,
          minmay_the_grid_triangle_9x9_descending_squares,
          minmay_the_grid_triangle_9x9_semitri,
          minmay_the_grid_triangle_9x9_pentomino_pain], layout_gridville,
          mainiacjoe_overflow_six_doors_small
D:10:     layout_stronghold, david_orc_5, enter_bailey_5, uniq_josephine
D:11:     layout_cave_pods, serial_glass, glass_columns_a, glass_columns_a
D:12:     layout_basic, serial_demonic, serial_demonic_e, serial_demonic_g,
          serial_demonic_g, serial_demonic_b
Lair:1:   layout_loops_ring, grunt_megastairs_4
Lair:2:   layout_regular_city, nicolae_spider_entry_tight_spaces
Lair:3:   lemuel_slime, layout_long_grid, elwin_shoals_entry_stream,
          gammafunk_ghost_hive, serial_bayou_shore_b
Lair:4:   layout_small_grid, dpeg_slime_entry_enclosed,
          maelrawn_ghost_gauntlet_escape, gauntlet_entry_generic,
          serial_bayou_shore_a
Lair:5:   due_jungle_book, layout_cave_shapes, grunt_megastairs_1
Orc:1:    layout_caves, serial_shops, shop_fountains, shop_statue, shop
Orc:2:    grunt_orc_community_town_hall, layout_caves,
          grunt_orc_community_big_house_1, grunt_orc_community_big_house_2,
          grunt_orc_community_house_3, grunt_orc_community_house_1,
          grunt_orc_community_house_1, grunt_orc_community_house_1,
          serial_shops, nicolae_shop_behind_doors, basic_altar, mines_bat_river,
          uniq_urug, uniq_jorgrun
Elf:1:    eino_elf_arrival_shootout, layout_loops_cross, special_room
          [special_room_mythical_zoo], minivault_28, nicolae_elf_deep_mausoleum

Skill      XL: |  1  2  3  4  5  6  7  8  9 10 11 12 13 14 15 |
---------------+----------------------------------------------+-----
Armour         | 4 5 6 8 10 11 12 13 14 | 14.8
Shields        | 4 5 6 7 8 10 12 14 15 | 15.9
Fighting       | 4 5 6 7 8 10 11 13 14 15 | 15.9
Axes           | 3 5 7 8 10 12 14 15 16 17 18 19 | 19.1
Dodging        | 1 2 3 4 |  4.7
Throwing       | 2 3 4 |  4.4
Maces & Flails | 3 |  3.1
Stealth        | 2 4 5 6 |  6.1

Action                   |  1- 3 |  4- 6 |  7- 9 | 10-12 | 13-15 || total
-------------------------+-------+-------+-------+-------+-------++-------
Melee: War axe           |    79 |   102 |   151 |   306 |   583 ||  1221
       Headbutt          |     8 |    19 |    24 |    76 |   132 ||   259
       Whip              |       |       |       |    22 |       ||    22
Throw: Javelin           |       |     1 |    12 |    16 |     4 ||    33
       Dart              |       |       |     9 |     3 |       ||    12
Invok: Berserk           |       |     1 |     5 |    18 |    22 ||    46
       Trog's Hand       |       |       |     1 |     2 |     8 ||    11
       Brothers in Arms  |       |       |       |       |     3 ||     3
  Use: Potion            |     1 |       |       |     2 |       ||     3
       Scroll            |       |       |     9 |    20 |    10 ||    39
 Stab: Sleeping          |       |       |       |     2 |    18 ||    20
       Distracted        |       |       |       |       |     1 ||     1
Armor: Scale mail        |     7 |       |       |       |       ||     7
       Chain mail        |    45 |     5 |       |       |       ||    50
       Plate armour      |       |    86 |    88 |   117 |       ||   291
       Shadow dragon sca |       |       |       |    43 |   196 ||   239
Dodge: Dodged            |    30 |    28 |    34 |    66 |    88 ||   246
Block: Buckler           |    24 |    17 |    21 |    11 |       ||    73
       Kite shield       |       |       |       |   113 |       ||   113
       Tower shield      |       |       |       |    61 |   471 ||   532
